AoeStats
← seangame151

Black Forest

510155549Analyzed
4v4 RM · 3d ago on Sep 29, 2026· 18m 20s· 8 players
Game mode
Random Map
Map size
Large (8 player)
Population
200
Speed
Normal
Resources
Standard
Victory
Conquest
Starting age
Dark Age
Ending age
Imperial Age
RankedLock teamsTeams togetherTeam positionsShared explorationLock speedFull tech treeHidden civsTurbo modeCheats
Victory
Defeat
1263
+16
🇫🇷 Ethiopians · France
1262
+16
🇹🇭 Franks · Thailand
1246
+17
🇪🇬 Persians · Egypt
1196
+20
🇺🇸 Britons · United States
1295
-18
🇳🇿 Varangians · New Zealand
1284
-17
🇨🇳 Persians · China
1251
-17
🇨🇳 Koreans · China
1250
-17
WiSeMaN
6:02 Loom
10:21 Feudal Age
14:03 Castle Age
13:25 Gold Mining
13:27 Double-Bit Axe
15:31 Gold Shaft Mining
+elko4+ -on the road to 0MMR
7:56 Loom
10:32 Feudal Age
15:32 Castle Age
13:44 Double-Bit Axe
14:23 Horse Collar
16:22 Heavy Plow
19:14 Wheelbarrow
18:55 Bow Saw
BOKA
1:23 Loom
12:00 Feudal Age
12:27 Horse Collar
19:01 Castle Age
Monkeyvulin
1:04 Loom
10:33 Feudal Age
11:16 Double-Bit Axe
13:56 Horse Collar
14:39 Fletching
17:48 Padded Archer Armor
seangame151
10:56 Feudal Age
11:30 Double-Bit Axe
16:02 Castle Age
16:14 Loom
Gingerpatches
10:48 Feudal Age
12:21 Double-Bit Axe
14:50 Castle Age
13:33 Horse Collar
16:18 Wheelbarrow
16:38 Bow Saw
16:51 Heavy Plow
大梦谁先觉
1:12 Loom
12:47 Feudal Age
13:44 Double-Bit Axe
17:13 Castle Age
15:12 Horse Collar
不就压个堡
10:54 Feudal Age
14:59 Castle Age
15:51 Wheelbarrow
15:20 Double-Bit Axe
15:18 Horse Collar
16:57 Loom
Connection lost

Rejoining the realm…

Still unreachable

The connection could not be restored.

Session expired

The server has moved on; the page needs a fresh start.